 Dungeon Crawl Stone Soup version 0.19.4-8-ga85b6b9 (console) character file.

265 Kloppie the Skirmisher (level 5, -2/69 HPs)
             Began as a Demonspawn Berserker on Feb 9, 2017.
             Was a Believer of Trog.
             Killed by divine providence
             ... invoked by an orc priest
              (12 damage)
             ... on level 4 of the Dungeon.
             The game lasted 00:03:15 (2530 turns).

Kloppie the Skirmisher (Demonspawn Berserker)       Turns: 2530, Time: 00:03:16

Health: -2/69      AC: 22    Str: 17    XL:     5   Next: 99%
Magic:  5/5        EV:  2    Int:  8    God:    Trog [**....]
Gold:   133        SH:  0    Dex: 16    Spells: 0 memorised, 4 levels left

rFire  . . .     SeeInvis .     a - +0 falchion
rCold  . . .     Gourm    .     (armour currently unavailable)
rNeg   + + +     Faith    .     (no shield)
rPois  +         Spirit   .     (helmet currently unavailable)
rElec  .         Reflect  .     (cloak currently unavailable)
rCorr  .         Harm     .     (gloves currently unavailable)
MR     ++...     NoTele   +     (boots currently unavailable)
Stlth  ++........               (no amulet)
                                (no ring)
                                (no ring)

@: exhausted, tree-form, regenerating, slowed, very slow
A: (claws 0), thin skeletal structure 1, demonic guardian 1
a: Berserk, Trog's Hand, Burn Spellbooks, Renounce Religion


You were on level 4 of the Dungeon.
You worshipped Trog.
Trog was pleased with you.
You were very hungry.
You were a tree.
You visited 1 branch of the dungeon, and saw 4 of its levels.

You collected 133 gold pieces.

Inventory:

Hand Weapons
 a - a +0 falchion (weapon)
Armour
 b - a +0 animal skin
 k - a +0 ring mail (melded)
 s - a +0 cloak (melded)
 v - a +0 helmet (melded)
Jewellery
 n - an uncursed ring of magical power {unknown}
Scrolls
 e - 3 scrolls of teleportation {unknown}
 f - a scroll of noise {unknown}
 h - 3 scrolls of remove curse {unknown}
 i - 2 scrolls of recharging {unknown}
 o - a scroll of fear {unknown}
 r - a scroll of enchant weapon {unknown}
Potions
 d - a potion of agility
 g - 5 potions of curing {unknown}
 q - 3 potions of degeneration {unknown}
Comestibles
 c - 3 bread rations
 j - 4 fruits
 l - 3 meat rations
 t - 3 chunks of flesh


   Skills:
 * Level 5.9 Fighting
 + Level 4.0 Long Blades
 - Level 1.7 Armour
 - Level 1.7 Dodging


You had 4 spell levels left.
You didn't know any spells.

Dungeon Overview and Level Annotations

Branches:
Dungeon (4/15)
 Temple: D:4-7

Altars:
Makhleb
Sif Muna


Innate Abilities, Weirdness & Mutations

((You have sharp fingernails.))
You have a somewhat thin skeletal structure. (Dex +2, Stealth)
A weak demonic guardian rushes to your aid.


Message History

You feel the effects of Trog's Hand fading.
Your quasit disappears in a puff of smoke!
You see here a helmet.
You turn into a tree.
Your +0 cloak melds into your body.
Your +0 helmet melds into your body.
Your +0 ring mail melds into your body.
Your roots penetrate the ground.
The orc priest hits you but does no damage.
The orc priest hits you with a dagger.
* * * LOW HITPOINT WARNING * * *
You hit the orc priest but do no damage.
The orc priest is heavily wounded.
The orc priest hits you but does no damage. x2
You barely miss the orc priest.
The orc priest is heavily wounded.
The orc priest mumbles some strange prayers to Beogh against you.
Beogh smites you!
* * * LOW HITPOINT WARNING * * *
The orc priest mumbles some strange prayers to Beogh against you.
Beogh smites you!
You die...

####### #...... #.(....
#...... #...... #######
#...... ##.....#
#....oo####5....##
.....ooao♣55....#
%....oo#####....#
.....o.#####....#
§.............>.########
..o####.####....##.....#
.. #.#####.###.# #
#.....#.#...#
#####.#.#.### #.#<#.#


You could see a worker ant, 3 orc priests, an orc wizard, 3 orcs, a friendly
white imp, a friendly shadow imp and a friendly ufetubus.

Vanquished Creatures
  The ghost of Delusionist the Insei, an amateur DsCK of Xom (D:3)
  A howler monkey (D:4)
  A worker ant (D:3)
  Robin (D:3)
  4 adders
  An ooze (D:2)
  2 worms
  A dart slug (D:1)
  2 leopard geckos (D:1)
  5 giant cockroaches
  15 goblins
  7 hobgoblins
  4 jackals (D:1)
  A quokka (D:3)
  3 bats
  3 frilled lizards
  7 kobolds
  6 rats
65 creatures vanquished.

Vanquished Creatures (collateral kills)
  A goblin (D:3)
  A hobgoblin (D:3)
2 creatures vanquished.

Grand Total: 67 creatures vanquished

Notes
Turn   | Place    | Note
-------+----------+-------------------------------------------
     0 | D:1      | Kloppie the Demonspawn Berserker began the quest for the Orb.
     0 | D:1      | Reached XP level 1. HP: 18/18 MP: 1/1
   180 | D:1      | Gained mutation: You have a somewhat thin skeletal structure. (Dex +2, Stealth) [demonic ancestry]
   180 | D:1      | Reached XP level 2. HP: 20/24 MP: 2/2
   467 | D:1      | Reached ** piety under Trog
   471 | D:1      | Gained mutation: A weak demonic guardian rushes to your aid. [demonic ancestry]
   471 | D:1      | Reached XP level 3. HP: 19/30 MP: 3/3
   571 | D:1      | Reached skill level 4 in Fighting
   803 | D:2      | Found a burning altar of Makhleb.
   805 | D:2      | Found a deep blue altar of Sif Muna.
  1453 | D:3      | Noticed Delusionist's ghost (amateur DsCK)
  1470 | D:3      | Killed Delusionist's ghost
  1470 | D:3      | Gained mutation: You have sharp fingernails. [demonic ancestry]
  1470 | D:3      | Reached XP level 4. HP: 31/38 MP: 4/4
  1599 | D:3      | Noticed Robin
  1618 | D:3      | Reached skill level 5 in Fighting
  1784 | D:3      | Reached XP level 5. HP: 39/44 MP: 5/5
  1794 | D:3      | Killed Robin
  2530 | D:4      | Killed from afar by an orc priest

Skill      XL: |  1  2  3  4  5 |
---------------+----------------+-----
Long Blades    | 3 4 |  4.0
Fighting       | 4 5 |  5.9
Armour         | |  1.7
Dodging        | |  1.7

Action                   |  1- 3 |  4- 6 || total
-------------------------+-------+-------++-------
Melee: Falchion          |   128 |   108 ||   236
Invok: Berserk           |     1 |     3 ||     4
       Trog's Hand       |       |     3 ||     3
  Use: Potion            |       |     7 ||     7
 Stab: Sleeping          |     1 |     1 ||     2
  Eat: Chunk             |     2 |     7 ||     9
Armor: Animal skin       |    12 |       ||    12
       Ring mail         |    37 |    54 ||    91
       Skin              |       |     2 ||     2
Dodge: Dodged            |    84 |    83 ||   167
       Rpst.: Falchion   |    23 |    30 ||    53
